 Dungeon Crawl Stone Soup version 0.24-b1 (webtiles) character file.

Game seed: 9589055474197983239, levelgen mode: deterministic

8 CryoSword the Skirmisher (level 2, 21/24 HPs)
             Began as a Demonspawn Fighter on Oct 13, 2019.
             Quit the game on level 1 of the Dungeon.
             The game lasted 00:00:44 (347 turns).

CryoSword the Skirmisher (Demonspawn Fighter)        Turns: 347, Time: 00:00:45

Health: 21/24      AC:  6    Str: 16    XL:     2   Next: 0%
Magic:  2/2        EV:  9    Int:  9    God:
Gold:   8          SH:  0    Dex: 12    Spells: 1/1 levels left

rFire    . . .     SeeInvis .   a - +0 long sword
rCold    . . .     Gourm    .   (no shield)
rNeg     . . .     Faith    .   b - +0 scale mail
rPois    .         Spirit   .   (no helmet)
rElec    .         Reflect  .   (no cloak)
rCorr    .         Harm     .   (no gloves)
MR       .....                  (no boots)
Stlth    ..........             (no amulet)
HPRegen  0.08/turn              (no ring)
MPRegen  0.08/turn              (no ring)

@: no status effects
A: rot immunity
a: no special abilities


You were on level 1 of the Dungeon.
You were not hungry.

You visited 1 branch of the dungeon, and saw 1 of its levels.

You collected 8 gold pieces.

Inventory:

Hand Weapons
 a - a +0 long sword (weapon)
Armour
 b - a +0 scale mail (worn)
 c - a +0 shield
Scrolls
 e - a scroll of identify {unknown}
Potions
 d - a potion of might
Comestibles
 f - 2 rations {!d}


   Skills:
 + Level 3.1 Fighting
 * Level 2.1 Long Blades
 - Level 2.6 Armour
 + Level 2.8 Shields


You had one spell level left.
You didn't know any spells.
Your spell library was empty.

Dungeon Overview and Level Annotations

Branches:
Dungeon (1/15)

Altars:


Innate Abilities, Weirdness & Mutations

You are immune to rotting.


Message History

The kobold is moderately wounded.
The kobold hits you but does no damage.
You barely miss the kobold.
The kobold is moderately wounded.
The kobold hits you but does no damage. x2
You slash the kobold!
You kill the kobold!
Your Long Blades skill increases to level 2!
No target in view!
No target in view!
Things that are here:
a +0 short sword; a kobold corpse You now have 8 gold pieces.
f - 2 rations {!d} (gained 1)
There is a shaft here.
Found a hunting sling.
You see here a hunting sling.
A bat comes into view.
The bat hits you but does no damage.
A bat is nearby!
A bat is nearby!
A bat is nearby!
You closely miss the bat. The bat hits you but does no damage. x2
The bat hits you but does no damage. x2
You closely miss the bat. The bat hits you but does no damage. x2
You miss the bat. The bat hits you but does no damage.
The bat completely misses you.
You closely miss the bat. The bat closely misses you.
You riposte.
You miss the bat. The bat hits you but does no damage. x2
You barely miss the bat. The bat hits you but does no damage. x2
You barely miss the bat. The bat hits you. The bat hits you but does no damage.
You closely miss the bat. The bat barely misses you.
The bat closely misses you.
You miss the bat. The bat completely misses you.
The bat hits you but does no damage.
You hit the bat.
The bat is moderately wounded.
The bat closely misses you.
You riposte.
You closely miss the bat.
The bat is moderately wounded.
The bat misses you. The bat barely misses you.
You barely miss the bat.
The bat is moderately wounded.
The bat misses you. The bat hits you but does no damage. x2
You hit the bat.
You kill the bat!
No target in view!
No target in view!
A goblin comes into view.
The goblin shouts!
A goblin is nearby!
A goblin is nearby!
A goblin is nearby!
The goblin barely misses you.
You miss the goblin.
The goblin hits you but does no damage. x2
You hit the goblin.
The goblin is heavily wounded.
The goblin hits you.
You hit the goblin.
The goblin is severely wounded.
The goblin misses you.
You barely miss the goblin.
The goblin is severely wounded.
The goblin hits you. The goblin barely misses you.
You hit the goblin.
You kill the goblin!
No target in view!
No target in view!
All of the chunks of flesh in your inventory have rotted away.
A bat comes into view.
A bat is nearby!
A bat is nearby!
A bat is nearby!
The bat barely misses you. The bat hits you but does no damage.
The bat barely misses you.
You slash the bat!
You kill the bat!
No target in view!
No target in view!
You see here 21 stones.
A kobold comes into view. It is wielding a +0 short sword.
The kobold throws a stone.
The stone hits you but does no damage.
Found 15 stones.
You see here a stone.
A kobold is nearby!
A kobold is nearby!
A kobold is nearby!
The kobold throws a stone.
The stone closely misses you.
The kobold throws a stone.
The stone hits you.
You see here a stone.
The kobold throws a stone.
The stone barely misses you.
Found a scroll labeled ZIRUWE ZIMEPN.
The kobold hits you but does no damage.
You hit the kobold.
You kill the kobold!
You have reached level 2!
Your demonic ancestry asserts itself...
You feel immune to rotting.
Are you sure you want to abandon this character and quit the game? (Confirm with "yes".)

#....... ........
........ .. .##...#
?.. ......# .... #
......#
....#+#####.#
).....# ....(......
.###..####......).#
.##......+......@.#
.##......#........#
.##.#>...#........#
((..#....###.#+#(##
.#..#..........#.#
....#....##....#(#
.#..#....##....#.#
.#..#....##....#.#
.#.##....##......#


There were no monsters in sight!

Vanquished Creatures
  A giant cockroach (D:1)
  A goblin (D:1)
  A hobgoblin (D:1)
  2 kobolds (D:1)
  2 bats (D:1)
  A frilled lizard (D:1)
8 creatures vanquished.

Notes
Turn   | Place    | Note
-------+----------+-------------------------------------------
     0 | D:1      | CryoSword the Demonspawn Fighter began the quest for the
                  | Orb.
     0 | D:1      | Reached XP level 1. HP: 18/18 MP: 1/1
   346 | D:1      | Gained mutation: You are immune to rotting. [demonic
                  | ancestry]
   346 | D:1      | Reached XP level 2. HP: 21/24 MP: 2/2
   347 | D:1      | Quit the game

Skill      XL: |  1 |
---------------+----+-----
Long Blades    | 2 |  2.1
Fighting       | |  3.1
Armour         | |  2.6
Shields        | |  2.8

Action                   || total
-------------------------++-------
Melee: Long sword        ||    53
Armor: Scale mail        ||    42
Dodge: Dodged            ||    36
       Rpst.: Long sword ||     9
